 Dungeon Crawl Stone Soup version 0.31-a0-176-g91f28db67f (webtiles) character file.

Game seed: 6640489634334773913

7793 qw the Cleaver (level 11, -17/78 HPs)
             Began as a Gargoyle Fighter on June 17, 2023.
             Was an Elder of Okawaru.
             Demolished by a skeletal warrior
             ... wielding a +0 halberd
              (20 damage)
             ... on level 8 of the Dungeon.
             The game lasted 00:04:34 (7947 turns).

qw the Cleaver (Gargoyle Fighter)                   Turns: 7947, Time: 00:04:34

Health: -17/78     AC: 29    Str: 24    XL:     11   Next: 20%
Magic:  12/14      EV: 10    Int:  5    God:    Okawaru [****..]
Gold:   138        SH:  6    Dex: 13    Spells: 10/10 levels left

rFire   . . .        Y - +1 war axe (freeze)
rCold   . . .        c - +0 buckler
rNeg    + . .        b - +0 plate armour
rPois   inf          (helmet restricted)
rElec   +            (no cloak)
rCorr   .            (no gloves)
SInv    +            g - +0 pair of boots
Will    .....        (no amulet) Stlth
                     u - ring of see invisible
HPRegen 0.33/turn    r - +4 ring of protection
MPRegen 0.14/turn

%: no passive effects
@: about to teleport, heroic
A: sickness immunity, AC +8, negative energy resistance 1, electricity
resistance, torment resistance 1, petrification resistance, horns 1, agile 1,
dopey 1, robust 1
a: Renounce Religion, Heroism, Finesse


You were on level 8 of the Dungeon.
You worshipped Okawaru.
Okawaru was greatly pleased with you.
You visited 1 branch of the dungeon, and saw 8 of its levels.

You collected 498 gold pieces.
You spent 360 gold pieces at shops.


Innate Abilities, Weirdness & Mutations

You are immune to sickness and miasma.
Your stone body is resilient. (AC +8)
You are immune to poison.
You resist negative energy. (rN+)
You are resistant to electric shocks. (rElec)
You are resistant to unholy torment.
You are immune to petrification.
You have a pair of small horns on your head.
You are agile. (Dex +4, Str/Int -1)
You are dopey. (Int -2)
You are robust. (+10% HP)


   Skills:
 - Level 9.0(14.0) Fighting
 + Level 11.5(16.5) Axes
 - Level 0.4(5.4) Throwing
 - Level 7.0(12.0) Armour
 - Level 2.4(7.4) Dodging
 - Level 5.2(10.2) Shields
 + Level 4.6 Invocations


You had 10 spell levels left.
You didn't know any spells.
Your spell library was empty.

Inventory:

Hand Weapons
 k - a +0 morningstar
 Y - a +1 war axe of freezing (weapon)
Armour
 b - a +0 plate armour (worn)
 c - a +0 buckler (worn)
 g - a +0 pair of boots (worn)
Jewellery
 a - a ring of willpower
 e - an amulet of guardian spirit
 f - a ring of fire
 r - a +4 ring of protection (right hand)
 s - a ring of positive energy
 u - a ring of see invisible (left hand)
Wands
 n - a wand of digging (2)
Scrolls
 o - 3 scrolls of identify
Potions
 d - a potion of might
 h - a potion of haste
 j - a potion of mutation
 l - 5 potions of curing
 m - a potion of attraction
 p - a potion of resistance
 t - a potion of heal wounds {unknown}

Dungeon Overview and Level Annotations

Branches:
Dungeon (8/15)             Temple (0/1) D:7
   Lair: D:8-11

Altars:
Hepliaklqana
Makhleb
Okawaru
Sif Muna
Trog
Xom
Zin
The Shining One

Shops:
D:3 !   D:6 =

Annotations:
D:7 1 runed translucent door, exclusion: 2 wights, Crazy Yiuf


Message History

The skeletal warrior is moderately damaged.
The skeletal warrior hits you with a +0 halberd!
You hit the skeletal warrior but do no damage.
You headbutt the skeletal warrior, but do no damage.
The skeletal warrior is moderately damaged.
You hit the skeletal warrior but do no damage.
The skeletal warrior is moderately damaged.
The skeletal warrior hits you with a +0 halberd!
You closely miss the skeletal warrior.
Your headbutt misses the skeletal warrior.
The skeletal warrior is moderately damaged.
You feel like a meek peon again.
The skeletal warrior hits you but does no damage.
7940 ||| INVOKING Heroism.
You gain the combat prowess of a mighty hero.
The skeletal warrior hits you but does no damage.
You hit the skeletal warrior. You freeze the skeletal warrior.
The skeletal warrior is moderately damaged.
The skeletal warrior misses you.
You slash the skeletal warrior! You freeze the skeletal warrior.
You headbutt the skeletal warrior, but do no damage.
The skeletal warrior is heavily damaged.
You hit the skeletal warrior.
You headbutt the skeletal warrior, but do no damage.
The skeletal warrior is heavily damaged.
The skeletal warrior hits you with a +0 halberd!
7944 ||| READING scroll of teleportation.
As you read the scroll of teleportation, it crumbles to dust.
You feel strangely unstable.
The skeletal warrior hits you with a +0 halberd!
You slash the skeletal warrior! You freeze the skeletal warrior.
The skeletal warrior is severely damaged.
The skeletal warrior closely misses you.
You closely miss the skeletal warrior.
You headbutt the skeletal warrior, but do no damage.
The skeletal warrior is severely damaged.
You closely miss the skeletal warrior.
The skeletal warrior is severely damaged.
The skeletal warrior hits you with a +0 halberd!!
You die...

..............
###.#.#.#.....
###.#.#.......
#.....###.....
#.....####.... #
#...........##
.#..#####
###.#########
#...Kzz)# #.# #@#
#.# #.# #.#
#.#####.# ######
#.....#.## #.....
#####....####.####
###.....#.#
#..##...#
#...###.#
#.#.###.##


You could see a skeletal warrior, a wight and a kobold.

Vanquished Creatures
  A two-headed ogre (D:7)
  2 boulder beetles (D:7)
  A gargoyle (D:7)
  An efreet (D:8)
  A troll (D:7)
  Sigmund (D:5)
  A wyvern (D:7)
  A wraith (D:7)
  5 yaks (D:8)
  A water moccasin (D:5)
  2 orc warriors (D:7)
  2 sky beasts
  4 black bears
  2 ice beasts
  An ogre (D:5)
  2 centaurs
  A phantom (D:5)
  2 kobold brigands
  Blork the orc (D:6)
  An elf zombie (D:4)
  3 scorpions
  5 bullfrogs
  2 elf skeletons (D:4)
  9 wights (D:7)
  3 killer bees (D:8)
  2 howler monkeys
  5 orc priests
  3 jellies
  5 hounds
  7 sleepcaps
  2 human skeletons (D:4)
  A gnoll bouda (D:7)
  5 iguanas
  7 orc wizards
  11 adders
  4 shadow imps (D:7)
  5 white imps
  An ufetubus (D:7)
  3 worms
  2 dart slugs
  28 orcs
  5 bats
  4 endoplasms
  A giant cockroach (D:1)
  10 goblins
  15 hobgoblins
  3 jackals (D:2)
  4 quokkas
  2 ball pythons (D:2)
  A frilled lizard (D:3)
  15 kobolds
  An orc skeleton (D:4)
  5 rats
212 creatures vanquished.

Vanquished Creatures (others)
  An orc wizard (D:7)
1 creature vanquished.

Grand Total: 213 creatures vanquished

Notes
Turn   | Place    | Note
-------+----------+-------------------------------------------
     0 | D:1      | qw the Gargoyle Fighter began the quest for the Orb.
     0 | D:1      | Reached XP level 1. HP: 14/14 MP: 1/1
     0 | D:1      | 0 ||| qw: Version: 0.3-a-5-g6f28e65
     0 | D:1      | 0 ||| qw: Game counter: 451
     0 | D:1      | 0 ||| qw: Always use a shield: true
     0 | D:1      | 0 ||| qw: God list: Okawaru
     0 | D:1      | 0 ||| qw: Allow faded altars: false
     0 | D:1      | 0 ||| qw: Do Orc after D:15 true
     0 | D:1      | 0 ||| qw: Do second Lair branch before Depths: true
     0 | D:1      | 0 ||| qw: Lair rune preference: random
     0 | D:1      | 0 ||| qw: Plans: Normal, Zot:1-4, Slime:5, God:TSO, Crypt,
                  | Tomb, Abyss, Pan, Hells, Win
     0 | D:1      | 0 ||| PLANNING D:1-11
    37 | D:1      | Reached skill level 2 in Axes
   156 | D:1      | Reached XP level 2. HP: 12/19 MP: 2/2
   242 | D:1      | 242 ||| DROPPING +0 club.
   264 | D:1      | Found a faded altar of an unknown god.
   545 | D:1      | 545 ||| Stepping ~*~*~tactically~*~*~ (hiding).
   641 | D:1      | Reached skill level 3 in Axes
   651 | D:1      | 651 ||| UPGRADING to +0 pair of boots.
   656 | D:1      | 656 ||| READING scroll labelled JIOXAILEEZ.
   657 | D:1      | 657 ||| READING scroll labelled YTTIMAP FEUTO.
   736 | D:2      | Reached XP level 3. HP: 23/23 MP: 3/3
  1306 | D:2      | 1306 ||| UPGRADING to +0 chain mail.
  1316 | D:2      | 1316 ||| DROPPING +0 scale mail.
  1383 | D:3      | Identified the +1 leather armour of Compression {Harm MP+9
                  | Int-5 SInv}
  1384 | D:3      | 1384 ||| Stepping ~*~*~tactically~*~*~ (hiding).
  1388 | D:3      | 1388 ||| Stepping ~*~*~tactically~*~*~ (hiding).
  1736 | D:3      | Reached XP level 4. HP: 28/28 MP: 4/4
  1779 | D:3      | Reached skill level 4 in Axes
  1788 | D:3      | 1788 ||| FLEEEEING.
  1789 | D:3      | 1789 ||| FLEEEEING.
  1790 | D:3      | 1790 ||| FLEEEEING.
  1791 | D:3      | 1791 ||| FLEEEEING.
  1792 | D:3      | 1792 ||| FLEEEEING.
  1793 | D:3      | 1793 ||| FLEEEEING.
  1794 | D:3      | 1794 ||| FLEEEEING.
  1795 | D:3      | 1795 ||| FLEEEEING.
  1797 | D:3      | 1797 ||| FLEEEEING.
  1798 | D:3      | 1798 ||| FLEEEEING.
  1799 | D:3      | 1799 ||| FLEEEEING.
  1800 | D:3      | 1800 ||| FLEEEEING.
  1801 | D:3      | 1801 ||| FLEEEEING.
  1802 | D:3      | 1802 ||| FLEEEEING.
  1803 | D:3      | 1803 ||| FLEEEEING.
  1804 | D:3      | 1804 ||| FLEEEEING.
  1805 | D:3      | 1805 ||| FLEEEEING.
  1808 | D:3      | 1808 ||| STAIRDANCE
  1849 | D:3      | 1849 ||| STAIRDANCE
  1854 | D:3      | 1854 ||| STAIRDANCE
  1861 | D:2      | Reached XP level 5. HP: 18/32 MP: 5/5
  2120 | D:3      | 2120 ||| Stepping ~*~*~tactically~*~*~ (hiding).
  2321 | D:3      | Found Cesuluid's Distillery.
  2329 | D:3      | 2329 ||| BUYING 2 potions of curing (66 gold).
  2329 | D:3      | Bought 2 potions of curing for 66 gold pieces
  2329 | D:3      | 2329 ||| BUYING potion of attraction (33 gold).
  2329 | D:3      | Bought a potion of attraction for 33 gold pieces
  2329 | D:3      | 2329 ||| BUYING potion of curing (33 gold).
  2329 | D:3      | Bought a potion of curing for 33 gold pieces
  2329 | D:3      | 2329 ||| BUYING potion of curing (33 gold).
  2329 | D:3      | Bought a potion of curing for 33 gold pieces
  2329 | D:3      | 2329 ||| SHOPLISTING potion of enlightenment (55 gold, have
                  | 46).
  2329 | D:3      | 2329 ||| SHOPLISTING potion of haste (110 gold, have 46).
  2329 | D:3      | 2329 ||| SHOPLISTING potion of resistance (110 gold, have
                  | 46).
  2515 | D:4      | 2515 ||| PLANNING OSSUARY
  2570 | D:4      | Reached skill level 5 in Axes
  2596 | D:4      | Found an iron altar of Okawaru.
  2616 | D:4      | Reached XP level 6. HP: 37/37 MP: 6/6
  2662 | D:4      | 2662 ||| Stepping ~*~*~tactically~*~*~ (hiding).
  2809 | D:4      | 2809 ||| Stepping ~*~*~tactically~*~*~ (stealth).
  3121 | D:4      | 3121 ||| RIP OSSUARY
  3122 | D:4      | 3122 ||| PLANNING OKAWARU WORSHIP
  3123 | D:4      | Reached skill level 6 in Axes
  3128 | D:4      | 3128 ||| READING scroll labelled IMUIRILYLAA.
  3147 | D:4      | Became a worshipper of Warmaster Okawaru
  3148 | D:4      | 3148 ||| PLANNING D:1-11
  3200 | D:4      | 3200 ||| Stepping ~*~*~tactically~*~*~ (hiding).
  3268 | D:4      | Reached skill level 1 in Dodging
  3268 | D:4      | Reached XP level 7. HP: 41/43 MP: 7/7
  3532 | D:5      | Entered Level 5 of the Dungeon
  3532 | D:5      | Noticed Sigmund
  3551 | D:5      | Killed Sigmund
  3552 | D:5      | Reached skill level 7 in Axes
  3622 | D:5      | Reached * piety under Okawaru
  3686 | D:5      | Found a burning altar of Makhleb.
  3697 | D:5      | Found a bloodstained altar of Trog.
  3720 | D:5      | 3720 ||| Stepping ~*~*~tactically~*~*~ (hiding).
  3721 | D:5      | 3721 ||| Stepping ~*~*~tactically~*~*~ (hiding).
  4040 | D:5      | 4040 ||| Stepping ~*~*~tactically~*~*~ (stealth).
  4047 | D:5      | Reached XP level 8. HP: 47/48 MP: 8/8
  4170 | D:5      | 4170 ||| INVOKING Heroism.
  4187 | D:5      | 4187 ||| Stepping ~*~*~tactically~*~*~ (stealth).
  4196 | D:5      | 4196 ||| DRINKING 4 potions of curing.
  4196 | D:5      | 4196 ||| (to cure confusion)
  4206 | D:5      | 4206 ||| INVOKING Heroism.
  4210 | D:5      | Reached skill level 1 in Invocations
  4263 | D:5      | 4263 ||| DROPPING +0 mace.
  4271 | D:5      | 4271 ||| Stepping ~*~*~tactically~*~*~ (stealth).
  4467 | D:5      | Reached skill level 8 in Axes
  4475 | D:5      | Reached skill level 3 in Invocations
  4652 | D:5      | 4652 ||| READING scroll labelled FITEGA POMIFIA.
  4653 | D:5      | 4653 ||| READING scroll labelled IQEYTR QANAICW.
  4654 | D:5      | 4654 ||| READING 3 scrolls of identify.
  4654 | D:5      | 4654 ||| IDENTIFYING orange potion
  4655 | D:5      | 4655 ||| READING 2 scrolls of identify.
  4655 | D:5      | 4655 ||| IDENTIFYING murky yellow potion
  4656 | D:5      | 4656 ||| DROPPING potion of ambrosia.
  4702 | D:6      | 4702 ||| INVOKING Heroism.
  4748 | D:6      | 4748 ||| INVOKING Heroism.
  4772 | D:6      | 4772 ||| INVOKING Heroism.
  4776 | D:6      | Reached skill level 6 in Fighting
  4895 | D:6      | 4895 ||| Stepping ~*~*~tactically~*~*~ (hiding).
  4897 | D:6      | 4897 ||| Stepping ~*~*~tactically~*~*~ (hiding).
  4898 | D:6      | 4898 ||| Stepping ~*~*~tactically~*~*~ (hiding).
  4899 | D:6      | 4899 ||| Stepping ~*~*~tactically~*~*~ (hiding).
  4900 | D:6      | 4900 ||| Stepping ~*~*~tactically~*~*~ (hiding).
  4907 | D:6      | 4907 ||| INVOKING Heroism.
  4913 | D:6      | Reached XP level 9. HP: 36/55 MP: 9/12
  5005 | D:6      | 5005 ||| Stepping ~*~*~tactically~*~*~ (hiding).
  5109 | D:6      | 5109 ||| INVOKING Heroism.
  5189 | D:6      | Noticed Blork the orc
  5190 | D:6      | 5190 ||| Stepping ~*~*~tactically~*~*~ (stealth).
  5191 | D:6      | 5191 ||| Stepping ~*~*~tactically~*~*~ (hiding).
  5193 | D:6      | 5193 ||| Stepping ~*~*~tactically~*~*~ (hiding).
  5194 | D:6      | 5194 ||| Stepping ~*~*~tactically~*~*~ (hiding).
  5195 | D:6      | 5195 ||| INVOKING Heroism.
  5200 | D:6      | Killed Blork the orc
  5217 | D:6      | 5217 ||| SWAPPING to +1 war axe of freezing.
  5218 | D:6      | 5218 ||| DROPPING +0 war axe.
  5247 | D:6      | 5247 ||| Stepping ~*~*~tactically~*~*~ (stealth).
  5249 | D:6      | 5249 ||| Stepping ~*~*~tactically~*~*~ (stealth).
  5254 | D:6      | 5254 ||| INVOKING Heroism.
  5290 | D:6      | Reached skill level 9 in Axes
  5307 | D:6      | Found Kaub's Jewellery Shoppe.
  5312 | D:6      | 5312 ||| SHOPLISTING +4 ring of protection (468 gold, have
                  | 237).
  5312 | D:6      | 5312 ||| SHOPLISTING +6 ring of dexterity (468 gold, have
                  | 237).
  5312 | D:6      | 5312 ||| SHOPLISTING ring of fire (325 gold, have 237).
  5312 | D:6      | 5312 ||| SHOPLISTING ring of protection from cold (325
                  | gold, have 237).
  5312 | D:6      | 5312 ||| BUYING ring of see invisible (195 gold).
  5312 | D:6      | Bought a ring of see invisible for 195 gold pieces
  5398 | D:6      | 5398 ||| UPGRADING to +0 helmet.
  5403 | D:6      | 5403 ||| UPGRADING to ring of see invisible.
  5404 | D:6      | 5404 ||| READING scroll labelled ECWOMP FADOUFI.
  5405 | D:6      | 5405 ||| READING scroll labelled JUXUYNUAGO.
  5408 | D:6      | 5408 ||| DRINKING 2 bubbling emerald potions.
  5408 | D:6      | Gained mutation: You are robust. (+10% HP) [potion of
                  | mutation]
  5408 | D:6      | Gained mutation: You are dopey. (Int -2) [potion of
                  | mutation]
  5408 | D:6      | Gained mutation: You are agile. (Dex +4, Str/Int -1)
                  | [potion of mutation]
  5408 | D:6      | Gained mutation: You have a pair of small horns on your
                  | head. [potion of mutation]
  5422 | D:6      | 5422 ||| DROPPING +0 helmet.
  5423 | D:6      | 5423 ||| READING 3 scrolls of identify.
  5423 | D:6      | 5423 ||| IDENTIFYING fizzy blue potion
  5424 | D:6      | 5424 ||| READING 2 scrolls of identify.
  5424 | D:6      | 5424 ||| IDENTIFYING lumpy silvery potion
  5425 | D:6      | 5425 ||| DROPPING potion of degeneration.
  5426 | D:6      | 5426 ||| DROPPING potion of brilliance.
  5446 | D:7      | 5446 ||| Stepping ~*~*~tactically~*~*~ (hiding).
  5448 | D:7      | 5448 ||| Stepping ~*~*~tactically~*~*~ (hiding).
  5586 | D:7      | Found a runed translucent door.
  5587 | D:7      | Noticed Crazy Yiuf
  5647 | D:7      | 5647 ||| INVOKING Heroism.
  5669 | D:7      | 5669 ||| INVOKING Heroism.
  5679 | D:7      | 5679 ||| Stepping ~*~*~tactically~*~*~ (hiding).
  5931 | D:7      | Reached ** piety under Okawaru
  5936 | D:7      | Found a glowing silver altar of Zin.
  5948 | D:7      | Found a staircase to the Ecumenical Temple.
  6008 | D:7      | Found a flagged portal.
  6009 | D:7      | 6009 ||| READING scroll labelled CIDIPY UNOZY.
  6108 | D:7      | 6108 ||| INVOKING Heroism.
  6163 | D:7      | 6163 ||| DRINKING 2 bubbling yellow potions.
  6212 | D:7      | 6212 ||| INVOKING Heroism.
  6279 | D:7      | 6279 ||| Stepping ~*~*~tactically~*~*~ (stealth).
  6310 | D:7      | 6310 ||| Stepping ~*~*~tactically~*~*~ (stealth).
  6315 | D:7      | 6315 ||| Stepping ~*~*~tactically~*~*~ (stealth).
  6317 | D:7      | 6317 ||| Stepping ~*~*~tactically~*~*~ (hiding).
  6328 | D:7      | Reached skill level 10 in Axes
  6329 | D:7      | 6329 ||| INVOKING Heroism.
  6332 | D:7      | 6332 ||| Stepping ~*~*~tactically~*~*~ (hiding).
  6340 | D:7      | Reached XP level 10. HP: 66/69 MP: 11/13
  6361 | D:7      | 6361 ||| INVOKING Heroism.
  6431 | D:7      | 6431 ||| INVOKING Heroism.
  6450 | D:7      | 6450 ||| Stepping ~*~*~tactically~*~*~ (stealth).
  6505 | D:7      | Noticed a two-headed ogre
  6506 | D:7      | 6506 ||| Stepping ~*~*~tactically~*~*~ (hiding).
  6511 | D:7      | 6511 ||| INVOKING Heroism.
  6517 | D:7      | Killed a two-headed ogre
  6518 | D:7      | Noticed a gargoyle
  6522 | D:7      | Killed a gargoyle
  6522 | D:7      | Reached *** piety under Okawaru
  6539 | D:7      | Noticed a boulder beetle
  6540 | D:7      | 6540 ||| INVOKING Heroism.
  6554 | D:7      | Killed a boulder beetle
  6585 | D:7      | Noticed a boulder beetle
  6586 | D:7      | 6586 ||| INVOKING Heroism.
  6602 | D:7      | Killed a boulder beetle
  6603 | D:7      | Reached skill level 11 in Axes
  6739 | D:7      | 6739 ||| DROPPING +0 flail.
  6747 | D:7      | Identified the staff of poison "Leat" {rPois rC+ Str+2}
  6752 | D:7      | 6752 ||| DROPPING +1 war axe of electrocution.
  6778 | D:7      | 6778 ||| INVOKING Heroism.
  6944 | D:7      | Reached skill level 9 in Fighting
  6977 | D:7      | Found a shimmering altar of Xom.
  6978 | D:7      | Found a hazy altar of Hepliaklqana.
  6979 | D:7      | Noticed a spectral ugly thing
  7136 | D:7      | 7136 ||| UPGRADING to +0 plate armour.
  7146 | D:7      | 7146 ||| DROPPING +0 chain mail.
  7147 | D:7      | 7147 ||| UPGRADING to +4 ring of protection.
  7148 | D:7      | 7148 ||| READING 2 scrolls of identify.
  7148 | D:7      | 7148 ||| IDENTIFYING bubbling blue potion
  7149 | D:7      | 7149 ||| DROPPING potion of invisibility.
  7330 | D:8      | Reached XP level 11. HP: 78/78 MP: 14/14
  7421 | D:8      | Found a shimmering blue altar of Sif Muna.
  7434 | D:8      | Reached skill level 6 in Armour
  7434 | D:8      | 7434 ||| INVOKING Heroism.
  7444 | D:8      | Reached **** piety under Okawaru
  7598 | D:8      | Found a glowing golden altar of the Shining One.
  7894 | D:8      | 7894 ||| Stepping ~*~*~tactically~*~*~ (hiding).
  7910 | D:8      | Noticed a skeletal warrior
  7911 | D:8      | 7911 ||| INVOKING Heroism.
  7913 | D:8      | 7913 ||| Stepping ~*~*~tactically~*~*~ (hiding).
  7919 | D:8      | 7919 ||| Stepping ~*~*~tactically~*~*~ (hiding).
  7921 | D:8      | 7921 ||| Stepping ~*~*~tactically~*~*~ (hiding).
  7940 | D:8      | 7940 ||| INVOKING Heroism.
  7943 | D:8      | HP: 14/78 [skeletal warrior/+0 halberd (8)]
  7944 | D:8      | 7944 ||| READING scroll of teleportation.
  7944 | D:8      | HP: 2/78 [skeletal warrior/+0 halberd (12)]
  7947 | D:8      | Demolished by a skeletal warrior

Levels and vault maps discovered:
D:1:      sevenhm_arrival_forest_fort_small_3, layout_rooms,
          shapermc_ecumenical_altar_totnotflames, corexii_hall_statues_t
D:2:      layout_loops_ring
D:3:      layout_basic, serial_shops, nicolae_shop_hallway_plus
D:4:      layout_loops_ring, overflow_temple_1_default,
          nicolae_ossuary_entry_catacombs, minmay_quantized
D:5:      kb_forest_paths, layout_basic, mainiacjoe_overflow_catch_the_wave,
          uniq_sigmund
D:6:      layout_cave_pools, serial_shops, nicolae_shop_tiny_waterfront,
          uniq_blork_the_orc
D:7:      minmay_the_grid_triangle_9x9_rhombus_full
          [minmay_the_grid_triangle_9x9_steps,
          minmay_the_grid_triangle_9x9_flanged_cone,
          minmay_the_grid_triangle_9x9_thin_v,
          minmay_the_grid_triangle_9x9_minimal,
          minmay_the_grid_triangle_9x9_zippers_horizontal,
          minmay_the_grid_triangle_9x9_impossible_snake,
          minmay_the_grid_triangle_9x9_alien,
          minmay_the_grid_triangle_9x9_prize_insulated], layout_cave_pools,
          regret_index_temple_of_mockery, nicolae_overflow_crystal_walls,
          minmay_temple_entry_overgrown, enter_bailey_8, uniq_crazy_yiuf_cottage
D:8:      layout_basic, tso_metal_star, old_standard_altar, minmay_manual_mail

Skill      XL: |  1  2  3  4  5  6  7  8  9 10 11 |
---------------+----------------------------------+-----
Axes           | 2 3 4 5 6 7 8 10 11 | 11.5
Fighting       | 4 6 7 9 |  9.0
Dodging        | 1 2 |  2.4
Invocations    | 4 |  4.6
Armour         | 4 5 7 |  7.0
Shields        | 4 5 |  5.2
Throwing       | |  0.4

Action                     |  1- 3 |  4- 6 |  7- 9 | 10-12 || total
---------------------------+-------+-------+-------+-------++-------
  Melee: War axe           |   122 |   136 |   347 |   183 ||   788
         Headbutt          |       |       |    20 |    53 ||    73
  Throw: Boomerang         |    14 |    37 |     3 |       ||    54
 Invoke: Heroism           |       |       |    14 |     9 ||    23
    Use: Scroll            |     2 |     1 |     9 |     2 ||    14
         Potion            |       |       |     3 |       ||     3
 Armour: Scale mail        |    62 |       |       |       ||    62
         Chain mail        |    10 |    63 |   182 |    28 ||   283
         Plate armour      |       |       |       |    29 ||    29
  Dodge: Dodged            |    45 |    56 |   123 |    49 ||   273
  Block: Buckler           |    25 |    18 |    56 |    37 ||   136

Table legend:
 A = Non-vault XP
 B = Vault XP
 C = Vault XP percentage of total XP
 D = Non-vault monster count
 E = Vault monster count
 F = Vault count percentage of total count
                 A         B        C        D         E       F
            +---------+---------+-------+---------+---------+-------
      Total |    5009 |    6125 |  55.0 |     165 |      48 |  22.5
            +---------+---------+-------+---------+---------+-------
        D:1 |      30 |       0 |   0.0 |      16 |       0 |   0.0
        D:2 |      72 |       0 |   0.0 |      23 |       0 |   0.0
        D:3 |     106 |       0 |   0.0 |      20 |       0 |   0.0
        D:4 |     300 |     413 |  57.9 |      19 |      10 |  34.5
        D:5 |     346 |     605 |  63.6 |      11 |       7 |  38.9
        D:6 |     822 |      91 |  10.0 |      25 |       1 |   3.8
        D:7 |    1578 |    4593 |  74.4 |      33 |      27 |  45.0
        D:8 |    1755 |     423 |  19.4 |      18 |       3 |  14.3
            +---------+---------+-------+---------+---------+-------
